 Dungeon Crawl Stone Soup version 0.24.0-1-gfbc8707 (webtiles) character file.

Game seed: 1972390099924052706, levelgen mode: deterministic

153 retro the Firebug (level 5, -1/61 HPs)
             Began as a Hill Orc Fire Elementalist on Nov 1, 2019.
             Slain by Grinder (4 damage)
             ... on level 4 of the Dungeon.
             The game lasted 00:11:07 (2214 turns).

retro the Firebug (Hill Orc Fire Elementalist)      Turns: 2214, Time: 00:11:09

Health: -1/61      AC:  6    Str: 16    XL:     5   Next: 35%
Magic:  1/8        EV: 12    Int: 16    God:
Gold:   75         SH:  2    Dex: 11    Spells: 2/8 levels left

rFire    . . .     SeeInvis .   h - +0 mace
rCold    . . .     Gourm    .   (no shield)
rNeg     . . .     Faith    .   k - +0 leather armour (curse)
rPois    .         Spirit   .   (no helmet)
rElec    .         Reflect  +   (no cloak)
rCorr    .         Harm     .   n - +2 pair of gloves
MR       .....                  (no boots)
Stlth    ..........             f - +2 amulet of reflection
HPRegen  0.20/turn              (no ring)
MPRegen  0.11/turn              (no ring)

@: berserking, very slightly contaminated, very quick
A: no striking features
a: no special abilities


You were on level 4 of the Dungeon.
You were hungry.

You visited 1 branch of the dungeon, and saw 4 of its levels.

You collected 75 gold pieces.

Inventory:

Hand Weapons
 h - a +0 mace (weapon)
Missiles
 b - 11 boomerangs (quivered)
Armour
 a - a +0 robe
 k - a cursed +0 leather armour (worn)
 n - a +2 pair of gloves (worn)
 o - a +1 hat
Jewellery
 f - a +2 amulet of reflection (around neck)
Scrolls
 d - a scroll of noise {unknown}
 e - 3 scrolls of identify {unknown}
 g - a scroll of magic mapping {unknown}
 i - a scroll of teleportation {unknown}
 j - 2 scrolls of enchant weapon {unknown}
 l - a scroll of enchant armour {unknown}
 m - a scroll of fear {unknown}
 p - a scroll of amnesia {unknown}
 s - a scroll of random uselessness {unknown}
Potions
 t - a potion of curing {unknown}
Comestibles
 c - 6 rations


   Skills:
 + Level 2.0 Fighting
 + Level 1.7 Armour
 - Level 2.0 Dodging
 - Level 2.0 Stealth
 + Level 2.2 Spellcasting
 * Level 2.3 Conjurations
 + Level 3.8 Fire Magic


You had 2 spell levels left.
You knew the following spells:

 Your Spells              Type           Power        Failure   Level  Hunger
a - Flame Tongue          Conj/Fire      ##...        7%          1    #......
b - Throw Flame           Conj/Fire      ##....       11%         2    ###....
c - Conjure Flame         Conj/Fire      ##......     21%         3    ###....

Your spell library contained the following spells:

 Spells                   Type           Power        Failure   Level  Hunger
 Inner Flame              Hex/Fire       #.......     34%         3    ###....
 Sticky Flame             Conj/Fire      ##......     56%         4    #####..
 Fireball                 Conj/Fire      ##........   88%         5    ######.


Dungeon Overview and Level Annotations

Branches:
Dungeon (4/15)
 Temple: D:4-7

Altars:

Annotations:
D:2 Robin
D:4 Grinder


Message History

Grinder is heavily wounded.
You are feeling hungry.
You block Grinder's attack.
Casting: Flame Tongue (safe; 8% risk of failure)
Confirm with . or Enter, or press ? or * to list all spells.
Aiming: Flame Tongue (safe; 8% risk of failure)
Press: ? - help, Shift-Dir - straight line, f/p - Grinder
Aim: Grinder (heavily wounded)
The flame tongue misses Grinder.
Grinder hits you.
* * * LOW HITPOINT WARNING * * *
You writhe in agony.
* * * LOW HITPOINT WARNING * * *
It was a potion of berserk rage.
A red film seems to cover your vision as you go berserk!
You feel yourself moving faster!
You feel mighty! Grinder says, "Are you a fish?" Grinder hits you.
* * * LOW HITPOINT WARNING * * *
You writhe in agony.
You die...

. ... .#
#..#####..$#
#.?..<..>..#
##.##....).#
....>.## #+##
##.##.?...
##...## #.#
##### #@5...#
... #.......#
#.#
#..........#..
+.)........
#..........
##.......##
##...$.##
##...##


You could see Grinder.

Vanquished Creatures
  Natasha (D:3)
  3 gnolls (D:2)
  An adder (D:3)
  An ooze (D:3)
  A worm (D:3)
  2 dart slugs
  3 leopard geckos
  4 orcs (D:3)
  13 giant cockroaches
  11 goblins
  6 hobgoblins
  3 ball pythons
  4 bats
  A frilled lizard (D:2)
  8 kobolds
  2 rats
64 creatures vanquished.

Notes
Turn   | Place    | Note
-------+----------+-------------------------------------------
     0 | D:1      | retro the Hill Orc Fire Elementalist began the quest for
                  | the Orb.
     0 | D:1      | Reached XP level 1. HP: 14/14 MP: 3/3
   180 | D:1      | Reached XP level 2. HP: 20/20 MP: 1/4
   633 | D:2      | Reached XP level 3. HP: 21/27 MP: 0/5
   728 | D:2      | Reached skill level 1 in Fighting
  1065 | D:2      | Reached skill level 1 in Armour
  1065 | D:2      | Reached XP level 4. HP: 10/35 MP: 0/7
  1287 | D:2      | Noticed Robin
  1747 | D:3      | Learned a level 2 spell: Throw Flame
  1751 | D:3      | Learned a level 3 spell: Conjure Flame
  1878 | D:3      | Noticed Natasha
  1893 | D:3      | Killed Natasha
  1893 | D:3      | Reached XP level 5. HP: 15/41 MP: 3/8
  2195 | D:4      | Noticed Grinder
  2199 | D:4      | Paralysed by Grinder for 5 turns
  2205 | D:4      | Paralysed by Grinder for 5 turns
  2214 | D:4      | HP: 3/61 [Grinder (3)]
  2214 | D:4      | Slain by Grinder

Levels and vault maps discovered:
D:1:      roderic_dead_forest, layout_rooms
D:2:      minmay_roachtagon, layout_loops_corners, uniq_robin
D:3:      kennysheep_slugbush, layout_basic, uniq_natasha
D:4:      layout_loops_corners, uniq_grinder, uniq_pikel

Skill      XL: |  1  2  3  4 |
---------------+-------------+-----
Fighting       | 1 2 |  2.0
Stealth        | 2 |  2.0
Armour         | 1 |  1.7
Spellcasting   | 2 |  2.2
Dodging        | 2 |  2.0
Conjurations   | 2 |  2.3
Fire Magic     | |  3.8

Action                   |  1- 3 |  4- 6 || total
-------------------------+-------+-------++-------
Melee: Unarmed           |    24 |    27 ||    51
       Mace              |       |    26 ||    26
Throw: Boomerang         |     7 |       ||     7
 Cast: Flame Tongue      |    55 |    60 ||   115
  Use: Potion            |     1 |     1 ||     2
  Eat: Chunk             |     1 |     5 ||     6
Armor: Robe              |     6 |       ||     6
       Leather armour    |    15 |    26 ||    41
       Skin              |    11 |     1 ||    12
Dodge: Dodged            |    44 |    43 ||    87
Block: Other             |     5 |     3 ||     8
       Reflection        |       |     1 ||     1
